 Dungeon Crawl Stone Soup version 0.25-a0-561-g0977b4d109 (webtiles) character file.

Game seed: 9149004153123146162, levelgen mode: deterministic

86256 Flugslaktarn the Severer (level 15, -8/141 HPs)
             Began as a Deep Dwarf Fighter on Feb 25, 2020.
             Was the Champion of Makhleb.
             Mangled by a wolf spider (13 damage)
             ... on level 4 of the Spider Nest.
             The game lasted 00:13:38 (14797 turns).

Flugslaktarn the Severer (Deep Dwarf Fighter)      Turns: 14797, Time: 00:13:38

Health: -8/141     AC: 26    Str: 25      XL:     15   Next: 40%
Magic:  4/4        EV: 11    Int:  8 (10) God:    Makhleb [******]
Gold:   1529       SH: 14    Dex: 20 (21) Spells: 14/14 levels left

rFire    + . .     SeeInvis .   M - +4 broad axe (vorpal)
rCold    + . .     Gourm    +   c - +0 kite shield
rNeg     + + .     Faith    .   H - +3 plate armour {rF+}
rPois    +         Spirit   .   h - +2 helmet "Jaoh" {rC+ Int+4}
rElec    .         Reflect  .   (no cloak)
rCorr    .         Harm     .   u - +0 pair of gloves
MR       ++...                  C - +1 pair of boots
Stlth    ..........             f - amulet "Binoyl" {Gourm Int-4 Dex+9}
HPRegen  0.00/turn              b - ring "Reoplyani" {rPois rN+}
MPRegen  0.09/turn              v - +4 ring of evasion

@: lethally poisoned (-8 -> -47), non-regenerating
A: damage resistance, heal wounds, negative energy resistance 1, sense
surroundings 2, no regeneration
a: Heal Wounds, Minor Destruction, Lesser Servant of Makhleb, Major Destruction,
Greater Servant of Makhleb, Renounce Religion


You were on level 4 of the Spider Nest.
You worshipped Makhleb.
Makhleb was exalted by your worship.
You were very full.

You visited 4 branches of the dungeon, and saw 23 of its levels.
You also visited: Gauntlet and Volcano.

You collected 1649 gold pieces.
You spent 120 gold pieces at shops.

Inventory:

Hand Weapons
 M - a +4 vorpal broad axe (weapon)
   (You took it off a meliai on level 2 of the Spider Nest)
Missiles
 j - a throwing net (quivered)
Armour
 c - a +0 kite shield (worn)
 h - the +2 helmet "Jaoh" (worn) {rC+ Int+4}
   (You found it in a Gauntlet)

   It affects your intelligence (+4).
   It protects you from cold.
   If you remove this armour, your AC will decrease by 3 (26 -> 23).
 u - a +0 pair of gloves (worn)
   (You found it on level 7 of the Dungeon)
 C - a +1 pair of boots (worn)
   (You found it on level 8 of the Dungeon)
 D - a +4 chain mail of magic resistance
   (You took it off a minotaur in a Gauntlet)
 H - a +3 plate armour of fire resistance (worn)
   (You found it in a volcano)
Jewellery
 b - the ring "Reoplyani" (left hand) {rPois rN+}
   (You found it in a Gauntlet)

   [ring of poison resistance]

   It protects you from poison.
   It protects you from negative energy.
 f - the amulet "Binoyl" (around neck) {Gourm Int-4 Dex+9}
   (You found it on level 5 of the Dungeon)

   [amulet of the gourmand]

   It allows you to eat raw meat even when not hungry.
   It affects your intelligence (-4).
   It affects your dexterity (+9).
 i - an uncursed ring of see invisible
   (You took it off a skeletal warrior on level 13 of the Dungeon)
 m - an uncursed ring of protection from magic
   (You found it on level 4 of the Dungeon)
 p - a +2 ring of protection
   (You found it on level 15 of the Dungeon)
 v - a +4 ring of evasion (right hand)
   (You found it on level 1 of the Dungeon)
 F - the ring "Ditaores" {rElec rN+}
   (You took it off an orc priest on level 6 of the Dungeon)

   [ring of positive energy]

   It insulates you from electricity.
   It protects you from negative energy.
Wands
 s - a wand of iceblast (66)
   (You took it off a wight on level 6 of the Dungeon)
 y - a wand of paralysis (25)
   (You found it on level 7 of the Dungeon)
 I - a wand of acid (10)
   (You found it on level 10 of the Dungeon)
Scrolls
 k - 2 scrolls of immolation
 l - 13 scrolls of remove curse
 r - a scroll of identify
 t - 6 scrolls of teleportation
 A - a scroll of enchant armour
 B - 2 scrolls of fear
 E - 2 scrolls of fog
 J - a scroll of holy word
 L - a scroll of magic mapping
Potions
 d - 2 potions of might
 n - 3 potions of mutation
 o - a potion of stabbing
 w - 3 potions of heal wounds
 z - 5 potions of magic
 G - 3 potions of brilliance
 K - a potion of flight
Comestibles
 e - 24 rations


   Skills:
 + Level 11.0 Fighting
 * Level 17.1 Axes
 + Level 12.9 Armour
 + Level 12.8 Shields
 + Level 13.6 Invocations


You had 14 spell levels left.
You didn't know any spells.
Your spell library was empty.

Dungeon Overview and Level Annotations

Branches:
Dungeon (15/15)            Temple (1/1) D:5            Lair (3/6) D:10
 Shoals (0/4) Lair:3       Spider (4/4) Lair:3          Orc (0/2) D:9
 Vaults (0/5) D:14         Depths (0/5) D:15        Volcano (visited)
Gauntlet (visited)

Altars:
Ashenzari
Cheibriados
Dithmenos
Gozag
Makhleb
Nemelex Xobeh
Wu Jian
Xom
The Shining One

Shops:
D:4 %[:(   D:6 [   D:11 *

Portals:
Trove: D:11 (give +7 demon blade)

Annotations:
D:10 1 runed translucent door, Ratty's ghost, journeyman MiFi
D:15 2 transporters, Wegezaog's ghost, journeyman CeHu


Innate Abilities, Weirdness & Mutations

You are resistant to damage.
You can heal yourself by infusing magical energy.
You resist negative energy. (rN+)
You passively map the area around you.
You do not regenerate.


Message History

You hit the moth of wrath.
You feel very sick. The wolf spider closely misses you.
You block the wolf spider's attack.
The wolf spider hits you but does no damage.
The wolf spider closely misses you. The wolf spider hits you!!
* * * LOW HITPOINT WARNING * * *
You block the wolf spider's attack. The wolf spider hits you!
* * * LOW HITPOINT WARNING * * *
You block the wolf spider's attack.
The spark wasp stings you but does no damage.
The hornet rages.
The wolf spider hits you.
* * * LOW HITPOINT WARNING * * *
You block the wolf spider's attack. The wolf spider hits you!!
* * * LOW HITPOINT WARNING * * *
You block the wolf spider's attack. The redback barely misses you.
The moth of wrath bites you!
* * * LOW HITPOINT WARNING * * *
The wolf spider hits you!
You die...

# , ,#^........#, *
,##...†....^##,,
##†..........## ,,*
,*#^..#.....#...## *
#...###...###...# *
......#....^#.....
*...^...s...........
, *
^.....^..^yss)^...$.
*
.^#....#^ss@†^^#...
*,, ..^###syss.##*..
,* #.. #..sy...# . *
,#......ss..... * ,
...#..s....#... , ,
..###...^.###... ..
.^.^... ^.. , ,
......... ,.. , ^,,,
, , , ,, **


You could see a spark wasp, 5 wolf spiders, a moth of wrath, an orb spider, a
hornet (berserk), a jumping spider, a tarantella and 4 redbacks.

Vanquished Creatures
  A stone giant (Volcano)
  An ironheart preserver (D:14)
  A spark wasp (Spider:4)
  A minotaur (Gauntlet)
  A rakshasa (D:15)
  A vault guard (D:11)
  8 two-headed ogres
  5 centaur warriors
  2 tengu warriors (D:13)
  A two-headed ogre (shapeshifter) (D:15)
  2 ogre magi (D:15)
  Urug (Lair:3)
  Nergalle (Lair:2)
  6 skeletal warriors
  A spark wasp zombie (D:15)
  2 unseen horrors
  2 wizards (D:15)
  An obsidian statue (Volcano)
  A necromancer (D:15)
  An orc knight (D:15)
  A phantasmal warrior (D:15)
  17 wolf spiders
  10 orb spiders
  A stone giant zombie (D:15)
  6 deep elf magi
  5 manticores
  5 ugly things
  4 cyclopes
  An iron dragon skeleton (D:15)
  2 moths of wrath (Spider:2)
  A centaur zombie (D:15)
  A merfolk siren (Lair:3)
  A black mamba (Lair:3)
  4 gargoyles
  A spiny frog (Lair:3)
  2 centaur skeletons (D:15)
  An elf zombie (D:15)
  A kobold demonologist (D:15)
  A komodo dragon (Lair:2)
  8 demonic crawlers
  An efreet (Volcano)
  6 meliai
  7 trolls
  10 jumping spiders
  2 hornets
  A slime creature (D:14)
  5 hippogriffs
  A shadow (D:11)
  34 redbacks
  13 tarantellas
  5 wyverns
  Grum (D:9)
  4 basilisks
  13 yaks
  Eustachio (D:4)
  4 hungry ghosts
  5 fire bats
  A golden eye (Gauntlet)
  3 vampire mosquitoes (Spider:4)
  2 steam dragons
  A soldier ant (D:12)
  A soldier ant (shapeshifter) (D:15)
  An acid dragon (D:15)
  4 porcupines
  3 water moccasins (Lair:3)
  An eye of draining (D:12)
  4 orc warriors
  5 sky beasts
  A necrophage (D:11)
  5 ice beasts
  2 black bears
  3 phantoms
  7 centaurs
  13 wolves
  3 ogres
  6 crocodiles
  A big kobold (D:7)
  21 bullfrogs
  A wyvern zombie (D:14)
  A water moccasin zombie (D:6)
  5 scorpions
  9 killer bees
  6 howler monkeys
  16 wights
  An electric eel (Lair:3)
  5 crimson imps
  6 lava snakes (Volcano)
  7 jellies
  3 bullfrog zombies
  11 orc wizards
  6 orc priests
  A bullfrog skeleton (D:4)
  3 hounds
  3 iguanas
  13 worker ants
  2 hound zombies
  3 worker ant zombies
  A howler monkey skeleton (D:7)
  12 adders
  4 gnolls (D:7)
  A shadow imp (D:14)
  An ooze (D:6)
  An adder skeleton (D:7)
  An adder zombie (D:5)
  2 worms
  2 dart slugs (D:4)
  A leopard gecko (D:5)
  53 orcs
  2 ball pythons (D:3)
  A giant cockroach (D:4)
  4 goblins
  2 hobgoblins
  18 jackals
  2 quokkas
  3 bats (D:1)
  2 frilled lizards (D:4)
  A jackal skeleton (D:4)
  5 kobolds
  2 quokka skeletons
  3 rats
  A fungus (Lair:2)
  2 withered plants (D:15)
543 creatures vanquished.

Vanquished Creatures (collateral kills)
  Arachne (Spider:4)
  2 ghost moths (Spider:4)
  A hydra (D:12)
  A fire crab (Gauntlet)
  An orb spider (Spider:4)
  A wolf spider (Spider:4)
  An eye of devastation (Gauntlet)
  A centaur skeleton (D:12)
  A jumping spider (Spider:2)
  A hornet (Spider:4)
  2 redbacks
  A tarantella (Spider:2)
  A fire bat (Gauntlet)
15 creatures vanquished.

Vanquished Creatures (others)
  An orb spider (Spider:2)
  A demonic plant (Gauntlet)
  3 fungi
  13 plants
18 creatures vanquished.

Grand Total: 576 creatures vanquished

Notes
Turn   | Place    | Note
-------+----------+-------------------------------------------
     0 | D:1      | Flugslaktarn the Deep Dwarf Fighter began the quest for the
                  | Orb.
     0 | D:1      | Reached XP level 1. HP: 20/20 MP: 1/1
   232 | D:1      | Reached XP level 2. HP: 27/27 MP: 2/2
   281 | D:3      | Reached skill level 3 in Axes
   281 | D:3      | Reached XP level 3. HP: 18/34 MP: 3/3
   291 | D:3      | Found a faded altar of an unknown god.
   333 | D:4      | Found Zeulesch's Antique Weapon Shop.
   338 | D:4      | Noticed Eustachio
   352 | D:4      | Reached XP level 4. HP: 42/42 MP: 3/3
   367 | D:4      | Reached skill level 4 in Axes
   368 | D:4      | Reached XP level 5. HP: 26/49 MP: 4/4
   397 | D:4      | Killed Eustachio
   397 | D:4      | Reached XP level 6. HP: 24/57 MP: 5/5
   499 | D:4      | Reached skill level 5 in Axes
   504 | D:4      | Found Nomamem's Book Boutique.
   729 | D:4      | Found Teguud's Armour Shop.
   820 | D:4      | Found Vaplesin's Food Shop.
  1019 | D:5      | Entered Level 5 of the Dungeon
  1042 | D:5      | Reached XP level 7. HP: 29/64 MP: 6/6
  1116 | D:5      | Reached skill level 5 in Shields
  1120 | D:5      | Reached skill level 5 in Armour
  1199 | D:5      | Reached skill level 6 in Axes
  1495 | D:5      | Got a shimmering sapphire amulet
  1496 | D:5      | Identified the amulet "Binoyl" {Gourm Int-4 Dex+9} (You
                  | found it on level 5 of the Dungeon)
  1716 | D:5      | Found a staircase to the Ecumenical Temple.
  1727 | Temple   | Entered the Ecumenical Temple
  1760 | Temple   | Became a worshipper of Makhleb the Destroyer
  1839 | D:6      | Noticed a wyvern
  1849 | D:6      | Killed a wyvern
  1849 | D:6      | Reached skill level 1 in Invocations
  1849 | D:6      | Reached XP level 8. HP: 33/73 MP: 7/7
  1922 | D:6      | Reached skill level 7 in Axes
  1957 | D:6      | Identified the ring "Ditaores" {rElec rN+}
  1959 | D:6      | Reached skill level 5 in Fighting
  1965 | D:6      | Noticed a hornet
  1988 | D:6      | Killed a hornet
  1989 | D:6      | Reached skill level 8 in Axes
  2006 | D:6      | Gained mutation: You passively map the area around you.
                  | [Deep Dwarf growth]
  2006 | D:6      | Reached XP level 9. HP: 36/81 MP: 8/8
  2236 | D:6      | Found a snail-covered altar of Cheibriados.
  2237 | D:6      | Found an ornate altar of the Wu Jian Council.
  2238 | D:6      | Found a glowing golden altar of the Shining One.
  2240 | D:6      | Found a shimmering altar of Xom.
  2240 | D:6      | Found a sparkling altar of Nemelex Xobeh.
  2432 | D:6      | Found Feip's Armour Shoppe.
  2805 | D:7      | Reached * piety under Makhleb
  2908 | D:7      | Reached skill level 9 in Axes
  3097 | D:7      | Reached skill level 5 in Invocations
  3340 | D:8      | Reached ** piety under Makhleb
  3489 | D:8      | Noticed a two-headed ogre
  3513 | D:8      | Killed a two-headed ogre
  3513 | D:8      | Reached XP level 10. HP: 35/91 MP: 9/9
  3789 | D:8      | Reached skill level 10 in Axes
  4144 | D:9      | Noticed Grum
  4183 | D:9      | Killed Grum
  4279 | D:9      | Found a staircase to the Orcish Mines.
  4819 | D:10     | Entered Level 10 of the Dungeon
  4819 | D:10     | Found a staircase to the Lair.
  4836 | D:10     | Reached *** piety under Makhleb
  4876 | D:10     | Found a runed translucent door.
  4877 | D:10     | Noticed a spriggan rider
  4877 | D:10     | Noticed Ratty's ghost (journeyman MiFi)
  4877 | D:10     | Identified the cursed +0 trident of Courage {speed, +Blink
                  | Stlth+}
  5015 | D:10     | Reached skill level 11 in Axes
  5296 | D:10     | Reached XP level 11. HP: 50/100 MP: 7/7
  5538 | D:11     | Noticed a green ugly thing
  5544 | D:11     | Paralysed by a hornet for 2 turns
  5558 | D:11     | Killed a green ugly thing
  5755 | D:11     | Reached **** piety under Makhleb
  5916 | D:11     | Found Joshrig's Assorted Antiques.
  5924 | D:11     | Bought a scroll labeled QYSHRA VUJISE for 31 gold pieces
  5924 | D:11     | Bought a scroll labeled ELLUSME PUSALE for 31 gold pieces
  5924 | D:11     | Bought a scroll labeled SOCUXIQUAK for 31 gold pieces
  5924 | D:11     | Bought a purple potion for 27 gold pieces
  6009 | D:11     | Found a gate leading to a gauntlet.
  6016 | Gauntlet | Entered a Gauntlet
  6016 | Gauntlet | Found a transporter.
  6016 | Gauntlet | Found a large runed translucent door.
  6016 | Gauntlet | Found a large runed translucent door.
  6016 | Gauntlet | Found a large runed translucent door.
  6016 | Gauntlet | Found a large runed translucent door.
  6016 | Gauntlet | Found a runed translucent door.
  6016 | Gauntlet | Found a runed translucent door.
  6016 | Gauntlet | Found a large runed translucent door.
  6016 | Gauntlet | Found a large runed translucent door.
  6016 | Gauntlet | Found a large runed translucent door.
  6016 | Gauntlet | Found a large runed translucent door.
  6016 | Gauntlet | Found a large runed translucent door.
  6016 | Gauntlet | Found a large runed translucent door.
  6024 | Gauntlet | Identified a scroll of acquirement
  6034 | Gauntlet | Found a large runed translucent door.
  6034 | Gauntlet | Found a large runed translucent door.
  6046 | Gauntlet | Found a transporter.
  6057 | Gauntlet | Found a transporter.
  6062 | Gauntlet | Found a transporter.
  6083 | Gauntlet | Found a transporter.
  6085 | Gauntlet | Noticed a blizzard demon
  6096 | Gauntlet | Found a transporter.
  6099 | Gauntlet | Noticed a six-headed hydra
  6108 | Gauntlet | Found a transporter.
  6116 | Gauntlet | Noticed a brown ugly thing
  6120 | Gauntlet | Found a transporter.
  6124 | Gauntlet | Noticed a glowing orange brain
  6129 | Gauntlet | Noticed a sixfirhy
  6132 | Gauntlet | Found a transporter.
  6134 | Gauntlet | Noticed a sixfirhy
  6144 | Gauntlet | Found a transporter.
  6150 | Gauntlet | Found a transporter.
  6172 | Gauntlet | Found a transporter.
  6189 | Gauntlet | Found a transporter.
  6207 | Gauntlet | Found a large runed translucent door.
  6208 | Gauntlet | Found a large runed translucent door.
  6212 | Gauntlet | Found a runed translucent gate.
  6212 | Gauntlet | Found a runed translucent gate.
  6212 | Gauntlet | Found a runed translucent gate.
  6213 | Gauntlet | Noticed a fire crab
  6214 | Gauntlet | Found a transporter.
  6216 | Gauntlet | Found a transporter.
  6222 | Gauntlet | Found a large runed translucent door.
  6223 | Gauntlet | Found a large runed translucent door.
  6236 | Gauntlet | Found a transporter.
  6314 | Gauntlet | Found a transporter.
  6334 | Gauntlet | Found a transporter.
  6456 | Gauntlet | Killed a fire crab
  6477 | Gauntlet | Reached skill level 12 in Axes
  6491 | Gauntlet | Got a crude lead ring
  6521 | Gauntlet | Identified the ring "Reoplyani" {rPois rN+} (You found it
                  | in a Gauntlet)
  6545 | Gauntlet | Got a warped helmet
  6551 | Gauntlet | Noticed a minotaur
  6567 | Gauntlet | Killed a minotaur
  6584 | Gauntlet | Identified the +2 helmet "Jaoh" {rC+ Int+4} (You found it
                  | in a Gauntlet)
  6672 | D:11     | Killed an unseen horror
  6689 | D:11     | Noticed a vault guard
  6701 | D:11     | Killed a vault guard
  6707 | D:11     | Found a portal to a secret trove of treasure.
  7039 | D:12     | Noticed a two-headed ogre
  7054 | D:12     | Killed a two-headed ogre
  7087 | D:12     | Noticed an eight-headed hydra
  7093 | D:12     | Reached XP level 12. HP: 110/110 MP: 8/8
  7101 | D:12     | Killed an eight-headed hydra
  7365 | D:12     | Noticed a two-headed ogre
  7372 | D:12     | Killed a two-headed ogre
  7788 | D:13     | Noticed a two-headed ogre
  7798 | D:13     | Killed a two-headed ogre
  7798 | D:13     | Reached skill level 13 in Axes
  8018 | D:13     | Reached skill level 10 in Armour
  8018 | D:13     | Reached skill level 10 in Shields
  8094 | D:13     | Noticed a tengu warrior
  8095 | D:13     | Noticed a tengu warrior
  8115 | D:13     | Killed a tengu warrior
  8115 | D:13     | Reached skill level 10 in Invocations
  8132 | D:13     | Killed a tengu warrior
  8839 | D:14     | Noticed a two-headed ogre
  8849 | D:14     | Killed a two-headed ogre
  8977 | D:14     | Reached ***** piety under Makhleb
  9200 | D:14     | Noticed a two-headed ogre
  9201 | D:14     | Noticed a centaur warrior
  9201 | D:14     | Noticed a centaur warrior
  9204 | D:14     | Killed a two-headed ogre
  9204 | D:14     | Reached skill level 14 in Axes
  9212 | D:14     | Killed a centaur warrior
  9212 | D:14     | Reached XP level 13. HP: 121/121 MP: 6/8
  9264 | D:14     | Found a gate to the Vaults.
  9264 | D:14     | Noticed an ironheart preserver
  9298 | D:14     | Killed an ironheart preserver
  9647 | D:15     | Entered Level 15 of the Dungeon
  9849 | D:15     | Found a staircase to the Depths.
 10065 | D:15     | Reached skill level 15 in Axes
 10149 | D:15     | Found the +12 glaive of Prune {vorpal}
 10182 | D:15     | Found a transporter.
 10183 | D:15     | Noticed Wegezaog's ghost (journeyman CeHu)
 10189 | D:15     | Found a transporter.
 10367 | D:15     | Gained mutation: You resist negative energy. (rN+) [Deep
                  | Dwarf growth]
 10367 | D:15     | Reached XP level 14. HP: 72/130 MP: 6/6
 10462 | D:15     | Reached skill level 10 in Fighting
 10904 | Lair:1   | Entered Level 1 of the Lair of Beasts
 11057 | Lair:1   | Found a dark tunnel.
 11062 | Volcano  | Entered a volcano
 11161 | Volcano  | Reached ****** piety under Makhleb
 11167 | Volcano  | Noticed a stone giant
 11168 | Volcano  | Found a bloodstained altar of Trog.
 11192 | Volcano  | Killed a stone giant
 12523 | Lair:2   | Noticed Nergalle
 12541 | Lair:2   | Killed Nergalle
 12859 | Lair:3   | Found a hole to the Spider Nest.
 12965 | Lair:3   | Noticed Urug
 12980 | Lair:3   | Killed Urug
 13119 | Lair:3   | Found a staircase to the Shoals.
 13433 | Spider:1 | Entered Level 1 of the Spider Nest
 13467 | Spider:1 | Reached skill level 16 in Axes
 14360 | Spider:4 | Entered Level 4 of the Spider Nest
 14414 | Spider:4 | Reached XP level 15. HP: 111/140 MP: 4/4
 14429 | Spider:4 | Noticed Arachne
 14464 | Spider:4 | Killed a ghost moth
 14465 | Spider:4 | Killed a ghost moth
 14468 | Spider:4 | Killed Arachne
 14715 | Spider:4 | Reached skill level 17 in Axes
 14797 | Spider:4 | HP: 5/141 [moth of wrath (10)]
 14797 | Spider:4 | Mangled by a wolf spider

Levels and vault maps discovered:
D:1:      lightli_arrival_chessboard, layout_loops_ring, serial_park_tiny_pond
D:2:      layout_basic, corexii_corridor_pit, feat_on_display
D:3:      layout_basic, chequers_ecumenical_altar_island, st_stairs_1,
          minmay_fractal_squares_gapless_5
D:4:      layout_cave_pools, serial_shops, shop_fountains,
          nicolae_shop_waterfront, nicolae_shop_trees, shop_statue,
          corner_web_ring, uniq_eustachio
D:5:      layout_basic, minmay_temple_entry_butterflies, first_ration
D:6:      cheibrodos_fzero, layout_basic, grunt_temple_overflow_open,
          serial_shops, kennysheep_little_box, minmay_fountain_box
D:7:      layout_rooms
D:8:      wander_river, layout_rooms
D:9:      layout_basic, orc_0_dummy, hangedman_decor_lopped, uniq_grum
D:10:     layout_long_grid, david_lair_generic, ebering_ghost_funeral_grove
D:11:     layout_loops_ring, serial_shops, nicolae_shop_waterfront,
          gauntlet_entry_generic, enter_trove_5
D:12:     layout_basic
D:13:     layout_grid_maze
D:14:     layout_irregular_city, skrybe_vaults_entry_preservation,
          serial_rivers, chequers_serial_rivers_micro_b,
          chequers_serial_rivers_room_b, chequers_serial_rivers_large_a,
          chequers_serial_rivers_room_a
D:15:     gammafunk_depths_entry_grave, layout_irregular_city,
          gammafunk_ghost_arena, minmay_guarded_unrand_prune
Temple:   minmay_crystal_spiral_temple
Lair:1:   layout_gridlike, enter_volcano_4
Lair:2:   layout_hall_layers, minivault_24, uniq_nergalle
Lair:3:   layout_roguey, minmay_shoals_entry_lonely_mermaid,
          spider_nest_entry_a, grunt_megastairs_1, infiniplex_staircase_pool,
          serial_bayou_shore_b, uniq_urug
Spider:1: layout_spider_delve
Spider:2: layout_chambers, nicolae_spider_nook
Spider:3: layout_chambers
Spider:4: johnstein_spider_rune_arachne_lair, einodemon_crawler_minivault

Skill      XL: |  1  2  3  4  5  6  7  8  9 10 11 12 13 14 15 |
---------------+----------------------------------------------+-----
Fighting       | 3 4 5 6 7 8 9 10 11 | 11.0
Axes           | 3 4 5 6 8 9 11 12 14 15 16 17 | 17.1
Armour         | 4 5 6 7 8 9 10 11 12 | 12.9
Shields        | 4 5 6 7 8 9 10 11 12 | 12.8
Invocations    | 1 3 6 7 9 10 12 13 | 13.6

Action                   |  1- 3 |  4- 6 |  7- 9 | 10-12 | 13-15 || total
-------------------------+-------+-------+-------+-------+-------++-------
Melee: War axe           |    51 |   131 |   354 |   858 |   816 ||  2210
       Broad axe         |       |       |       |       |   316 ||   316
Invok: Lesser Servant of |       |       |       |     5 |       ||     5
       Greater Servant o |       |       |       |       |     1 ||     1
 Abil: Heal Wounds       |     2 |     3 |    11 |    22 |    24 ||    62
  Use: Potion            |       |       |     1 |     2 |     4 ||     7
       Scroll            |       |       |       |    18 |    11 ||    29
 Stab: Distracted        |       |       |       |       |     1 ||     1
       Held in net/web   |       |       |       |       |     2 ||     2
  Eat: Chunk             |       |    16 |    24 |    26 |    24 ||    90
       Ration            |       |       |     1 |       |     1 ||     2
Armor: Scale mail        |    29 |   103 |       |       |       ||   132
       Plate armour      |       |    72 |   222 |   182 |   461 ||   937
       Chain mail        |       |       |       |   239 |   282 ||   521
Dodge: Dodged            |    20 |   115 |   124 |   288 |   473 ||  1020
Block: Kite shield       |    38 |   132 |   256 |   549 |   830 ||  1805

Table legend:
 A = Non-vault XP
 B = Vault XP
 C = Vault XP percentage of total XP
 D = Non-vault monster count
 E = Vault monster count
 F = Vault count percentage of total count
                 A         B        C        D         E       F
            +---------+---------+-------+---------+---------+-------
      Total |   76450 |   46774 |  38.0 |     438 |     118 |  21.2
            +---------+---------+-------+---------+---------+-------
        D:1 |      12 |       0 |   0.0 |       8 |       0 |   0.0
        D:2 |       3 |       0 |   0.0 |       2 |       0 |   0.0
        D:3 |      17 |      38 |  69.1 |       7 |       3 |  30.0
        D:4 |     376 |     197 |  34.4 |      33 |       1 |   2.9
        D:5 |     671 |       0 |   0.0 |      29 |       0 |   0.0
        D:6 |     653 |    1349 |  67.4 |       8 |      16 |  66.7
        D:7 |    1276 |       0 |   0.0 |      30 |       0 |   0.0
        D:8 |    2009 |       0 |   0.0 |      26 |       0 |   0.0
        D:9 |     814 |     437 |  34.9 |       9 |       3 |  25.0
       D:10 |    2278 |     859 |  27.4 |      22 |       4 |  15.4
       D:11 |    5260 |     969 |  15.6 |      33 |       1 |   2.9
       D:12 |    5475 |       0 |   0.0 |      26 |       0 |   0.0
       D:13 |    8333 |       0 |   0.0 |      36 |       0 |   0.0
       D:14 |    4804 |    4827 |  50.1 |      17 |       9 |  34.6
       D:15 |   14649 |   10851 |  42.6 |      40 |      17 |  29.8
     Lair:1 |     337 |       0 |   0.0 |       3 |       0 |   0.0
     Lair:2 |    1338 |     808 |  37.7 |       9 |       1 |  10.0
     Lair:3 |    3892 |    1803 |  31.7 |      25 |       5 |  16.7
   Spider:1 |    3654 |       0 |   0.0 |       9 |       0 |   0.0
   Spider:2 |   11173 |    4224 |  27.4 |      37 |      12 |  24.5
   Spider:3 |     970 |       0 |   0.0 |       3 |       0 |   0.0
   Spider:4 |    8456 |   13038 |  60.7 |      26 |      24 |  48.0
    Volcano |       0 |    4881 | 100.0 |       0 |      16 | 100.0
   Gauntlet |       0 |    2493 | 100.0 |       0 |       6 | 100.0
            +---------+---------+-------+---------+---------+-------
